 Seeded DCSS version 0.27.1-33-g824d729ab1 (webtiles) character file.

Game seed: 15882109875467650200 (custom seed)

73780 wilfster70 the Bludgeoner (level 15, -26/84 HPs)
             Began as a Gargoyle Fighter on Dec 21, 2021.
             Was the Champion of Ashenzari.
             Annihilated by Rupert (32 damage)
             ... on level 12 of the Dungeon.
             The game lasted 00:47:23 (16870 turns).

wilfster70 the Bludgeoner (Gargoyle Fighter)       Turns: 16870, Time: 00:47:24

Health: -26/84     AC: 29    Str: 19    XL:     15   Next: 44%
Magic:  31/31      EV: 10    Int: 25    God:    Ashenzari [******]
Gold:   2412       SH: 18    Dex:  9    Spells: 21/38 levels left

rFire    + + .     SeeInvis +   a - +9 morningstar "Restrained With Me" {vorpal, Fragile rPois rF++ rC+, Self, Bglg} (curse)
rCold    + . .     Faith    .   c - +4 kite shield of Ashenzari's Stoicism {Melee, Range} (curse)
rNeg     + . .     Spirit   .   A - +0 swamp dragon scales of the Fated Malaise {rPois, Cun, Evo} (curse)
rPois    ∞         Reflect  .   n - +2 helmet of the Unyielding Gaze {Int+3, Elem, Alch} (curse)
rElec    +         Harm     .   v - +2 cloak of Ouranomancy {Will+, Bglg, Fort} (curse)
rCorr    .         Rampage  +   L - +0 pair of gloves of Star-Bound Wisdom {Range, Comp} (curse)
Will     ++...     Clarity  +   g - +0 pair of boots of Desmomancy {rampage, Melee, Elem} (curse)
Stlth    +.........             q - amulet of Ashenzari's Insecurity {Regen+, Alch, Evo} (curse)
HPRegen  1.24/turn              m - ring "Thunder Perfect Mind" {Int+6, Melee, Range} (curse)
MPRegen  0.22/turn              b - ring "Profound Disgust" {Wiz, Melee, Fort} (curse)

@: mighty, flying
A: sickness immunity, AC +11, big wings, negative energy resistance 1,
electricity resistance, torment resistance 1, petrification resistance
a: Renounce Religion, Shatter the Chains


You were on level 12 of the Dungeon.
You worshipped Ashenzari.
Ashenzari was exalted by your worship.
You visited 4 branches of the dungeon, and saw 21 of its levels.
You also visited: Volcano.

You collected 2412 gold pieces.

Inventory:

Hand Weapons
 a - the cursed +9 morningstar "Restrained With Me" (weapon) {vorpal, Fragile rPois rF++ rC+, Self, Bglg}
   (You found it on level 5 of the Dungeon)

   It inflicts extra damage upon your enemies.
   rF:        It greatly protects you from fire.
   rC:        It protects you from cold.
   rPois:     It protects you from poison.
   Fragile:   It will be destroyed if unequipped.
   It has a curse which improves the following skills: Introspection: Fighting
   and Spellcasting.
   Beguiling: Conjurations, Hexes and Translocations.
 l - a +1 morningstar
 H - a +2 fustibalus of flaming
Missiles
 h - a throwing net (quivered)
Armour
 c - the cursed +4 kite shield of Ashenzari's Stoicism (worn) {Melee, Range}

   It has a curse which improves the following skills: Melee Combat: Short
   Blades, Long Blades, Axes, Maces & Flails, Polearms, Staves and Unarmed
   Combat.
   Ranged Combat: Slings, Bows, Crossbows and Throwing.
 g - the cursed +0 pair of boots of Desmomancy (worn) {rampage, Melee, Elem}
   (You found it on level 4 of the Lair of Beasts)

   It has a curse which improves the following skills: Melee Combat: Short
   Blades, Long Blades, Axes, Maces & Flails, Polearms, Staves and Unarmed
   Combat.
   Elements:  Fire Magic, Ice Magic, Air Magic and Earth Magic.
 n - the cursed +2 helmet of the Unyielding Gaze (worn) {Int+3, Elem, Alch}
   (You acquired it on level 5 of the Dungeon)

   It has a curse which improves the following skills: Elements: Fire Magic, Ice
   Magic, Air Magic and Earth Magic.
   Alchemy:   Poison Magic and Transmutations.
 v - the cursed +2 cloak of Ouranomancy (worn) {Will+, Bglg, Fort}
   (You took it off Maurice on level 8 of the Dungeon)

   It has a curse which improves the following skills: Beguiling: Conjurations,
   Hexes and Translocations.
   Fortitude: Armour and Shields.
 A - the cursed +0 swamp dragon scales of the Fated Malaise (worn) {rPois, Cun, Evo}
   (You took it off Maggie on level 10 of the Dungeon)

   rPois:     It protects you from poison.
   It has a curse which improves the following skills: Cunning: Dodging and
   Stealth.
   Evocations: Evocations.
 J - a +0 leather armour of fire resistance
 L - the cursed +0 pair of gloves of Star-Bound Wisdom (worn) {Range, Comp}
   (You found it on level 4 of the Lair of Beasts)

   It has a curse which improves the following skills: Ranged Combat: Slings,
   Bows, Crossbows and Throwing.
   Companions: Summonings and Necromancy.
 N - a +0 pair of gloves
 O - a +3 troll leather armour {Snorg}
Jewellery
 b - the cursed ring "Profound Disgust" (right hand) {Wiz, Melee, Fort}
   (You found it on level 10 of the Dungeon)

   [ring of wizardry]

   It improves your spell success rate.
   It has a curse which improves the following skills: Melee Combat: Short
   Blades, Long Blades, Axes, Maces & Flails, Polearms, Staves and Unarmed
   Combat.
   Fortitude: Armour and Shields.
 m - the cursed ring "Thunder Perfect Mind" (left hand) {Int+6, Melee, Range}
   (You found it on level 5 of the Dungeon)

   [ring of intelligence]

   Int:       It affects your intelligence (+6).
   It has a curse which improves the following skills: Melee Combat: Short
   Blades, Long Blades, Axes, Maces & Flails, Polearms, Staves and Unarmed
   Combat.
   Ranged Combat: Slings, Bows, Crossbows and Throwing.
 q - the cursed amulet of Ashenzari's Insecurity (around neck) {Regen+, Alch, Evo}
   (You found it on level 5 of the Dungeon)

   [amulet of regeneration]

   Regen:     It increases your rate of health regeneration.
   It has a curse which improves the following skills: Alchemy: Poison Magic and
   Transmutations.
   Evocations: Evocations.
 y - an amulet of reflection
 B - a ring of ice
Wands
 i - a wand of iceblast (50)
 s - a wand of paralysis (50)
 x - a wand of flame (21)
 E - a wand of digging (4)
 F - a wand of charming (8)
 G - a wand of mindburst (45)
Scrolls
 e - 5 scrolls of teleportation
 j - 2 scrolls of fog
 t - a scroll of summoning
 w - a scroll of enchant weapon
 K - 2 scrolls of silence
Potions
 d - 3 potions of might
 k - 2 potions of cancellation
 o - 3 potions of berserk rage
 p - a potion of invisibility
 r - a potion of brilliance
 u - 2 potions of flight
 z - 2 potions of magic
 C - 2 potions of curing
 D - 4 potions of haste
 I - 2 potions of mutation
 M - a potion of resistance


   Skills:
 - Level 3.2(5.9) Fighting
 - Level 16.0(22.2) Maces & Flails
 - Level 3.2(7.1) Armour
 - Level 13.8(17.8) Shields
 - Level 9.5(12.4) Spellcasting
 - Level 8.7(11.7) Necromancy
 + Level 7.2(11.7) Ice Magic
 - Level 5.9(10.4) Evocations


You had 21 spell levels left.
You knew the following spells:

 Your Spells              Type           Power      Damage    Failure   Level
a - Corpse Rot            Necr/Air       N/A        N/A       1%          2
b - Death Channel         Necr           32%        N/A       3%          6
c - Polar Vortex          Ice            32%        N/A       100%        9

Your spell library contained the following spells:

 Spells                   Type           Power      Damage    Failure   Level
 Pain                     Necr           100%       1d9       1%          1
 Vampiric Draining        Necr           32%        2d10      1%          3
 Dispel Undead            Necr           65%        3d22      1%          4
 Agony                    Necr           65%        N/A       1%          5
 Poisonous Vapours        Pois/Air       38%        N/A       2%          2
 Slow                     Hex            18%        N/A       2%          2
 Simulacrum               Ice/Necr       32%        N/A       3%          6
 Confusing Touch          Hex            18%        N/A       6%          3
 Freezing Cloud           Conj/Ice/Air   18%        6-21      12%         5
 Silence                  Hex/Air        9%         N/A       45%         5


Dungeon Overview and Level Annotations

Branches:
Dungeon (12/15)            Temple (1/1) D:7            Lair (6/6) D:11
 Shoals (0/4) Lair:2       Spider (0/4) Lair:2        Slime (0/5) Lair:6
    Orc (2/2) D:11            Elf (0/3) Orc:2       Volcano (visited)

Altars:
Ashenzari
Cheibriados
Dithmenos
Elyvilon
Fedhas
Gozag
Hepliaklqana
Kikubaaqudgha
Makhleb
Nemelex Xobeh
Okawaru
Qazlal
Ru
Sif Muna
Trog
Uskayaw
Vehumet
The Shining One
Beogh

Shops:
D:9 ?   Orc:2 (=*[

Annotations:
D:12 Rupert
Lair:6 exclusion: ice statue


Innate Abilities, Weirdness & Mutations

You are immune to sickness and miasma.
Your stone body is resilient. (AC +11)
You are immune to poison.
Your large and strong wings let you fly.
You resist negative energy. (rN+)
You are resistant to electric shocks. (rElec)
You are resistant to unholy torment.
You are immune to petrification.


Message History

Rupert is heavily wounded.
You block Rupert's attack.
You sock Rupert!
Rupert is heavily wounded.
Rupert hits you with a +2 triple sword of protection!
You impale Rupert!!
Rupert is severely wounded.
Rupert hits you with a +2 triple sword of protection!!!
* * * LOW HITPOINT WARNING * * *
You are too injured to fight recklessly!
You are too injured to fight recklessly!
You are too injured to fight recklessly!
You are too injured to fight recklessly!
You are too injured to fight recklessly!
You are too injured to fight recklessly!
You are too injured to fight recklessly!
You are too injured to fight recklessly!
You are too injured to fight recklessly!
You are too injured to fight recklessly!
You are too injured to fight recklessly!
You are too injured to fight recklessly!
You are too injured to fight recklessly!
You are too injured to fight recklessly!
You are too injured to fight recklessly!
You are too injured to fight recklessly!
You are too injured to fight recklessly!
You are too injured to fight recklessly!
You are too injured to fight recklessly!
You are too injured to fight recklessly!
You feel much better. You block Rupert's attack. x2
You feel very mighty all of a sudden. You block Rupert's attack.
You bludgeon Rupert!!
Rupert is almost dead.
Rupert hits you with a +2 triple sword of protection!!
* * * LOW HITPOINT WARNING * * *
You sock Rupert!
Rupert is almost dead.
Rupert hits you with a +2 triple sword of protection!!
You die...

###.#######.###### *,*
###.#######.####### *
###.#######.######## ,#
###.#######.##########.#*
*** **
###.....................,
,,,,,
###.####.#####.......#**
** , **
###(####.#####....$..# *
###.####<#####.......# *
###.####.#####..@@<..#
#.# #.#####...†...# #.#
#.# ###......(# * * #.
#.# ##......[# ,* ,**
##...[...# ***,**** *,,
,, , ,,.......... , , , *
* ***####.####### ****, *
* * * #.# * * ,* * , *,


You could see Rupert (berserk).

Vanquished Creatures
  The ghost of carontestyx the Brawler, a journeyman TrMo of Ru (Lair:6)
  An orc warlord (Orc:1)
  Snorg (Lair:5)
  9 hydras
  Fannar (D:11)
  3 boulder beetles (Lair:4)
  3 catoblepae (Lair:6)
  3 two-headed ogres
  5 death yaks (Lair:6)
  An orc high priest (Orc:2)
  Urug (Orc:2)
  Sonja (Lair:5)
  Nergalle (D:12)
  A deep elf archer (Volcano)
  5 orc knights
  A lindwurm (Lair:1)
  6 deep elf pyromancers (Volcano)
  An ugly thing (D:12)
  3 orc sorcerers
  A slime creature (Lair:6)
  2 manticores (Lair:6)
  Maurice (D:8)
  7 black mambas
  8 elephants (Lair:6)
  A merfolk siren (Lair:2)
  13 cane toads
  Maggie (D:10)
  An unseen horror (D:12)
  2 kobold demonologists (D:11)
  2 rime drakes
  7 komodo dragons
  Psyche (D:8)
  A freezing wraith (Lair:6)
  7 polar bears
  3 trolls
  Prince Ribbit (Lair:3)
  A hornet (D:10)
  4 dream sheep
  11 blink frogs
  Sigmund (D:3)
  44 yaks
  2 shadows
  4 basilisks
  9 fire elementals (Volcano)
  5 wyverns
  11 vampire mosquitoes
  2 steam dragons
  6 wargs
  3 hell hounds (Volcano)
  2 acid dragons
  21 water moccasins
  7 ice beasts
  Duvessa (D:7)
  23 orc warriors
  2 black bears
  4 centaurs
  2 necrophages (D:5)
  5 ogres
  22 wolves
  2 kobold brigands (D:9)
  12 bullfrogs
  6 scorpions (Lair:2)
  A gnoll sergeant (D:11)
  Dowan (D:7)
  A water moccasin zombie (D:6)
  14 wights (D:8)
  10 killer bees
  A howler monkey (D:7)
  3 electric eels
  A bullfrog zombie (D:5)
  4 centaur zombies
  3 hounds
  4 jellies
  12 orc priests
  2 gnoll shamans
  2 centaur skeletons
  3 iguanas
  17 orc wizards
  A hound skeleton (D:4)
  A howler monkey skeleton (D:5)
  6 adders
  16 gnolls
  A shadow imp (D:7)
  3 white imps
  An ufetubus (D:6)
  2 worms
  5 dart slugs
  39 orcs
  3 ball pythons
  9 endoplasms
  5 giant cockroaches
  2 goblins
  8 hobgoblins
  5 quokkas
  5 bats (D:2)
  3 frilled lizards
  7 kobolds
  4 rats
524 creatures vanquished.

Vanquished Creatures (collateral kills)
  3 elephants (Lair:6)
  A cane toad (Lair:6)
  8 yaks (Lair:6)
  A water moccasin (Lair:6)
  An ice beast (Lair:6)
14 creatures vanquished.

Vanquished Creatures (others)
  32 fungi
  51 plants
83 creatures vanquished.

Grand Total: 621 creatures vanquished

Notes
Turn   | Place    | Note
-------+----------+-------------------------------------------
     0 | D:1      | wilfster70 the Gargoyle Fighter began the quest for the
                  | Orb.
     0 | D:1      | Reached XP level 1. HP: 14/14 MP: 1/1
    81 | D:1      | You fall into a shaft and drop 1 floor!
   116 | D:2      | Reached XP level 2. HP: 19/19 MP: 2/2
   412 | D:1      | You fall into a shaft and drop 1 floor!
   696 | D:2      | Reached skill level 3 in Maces & Flails
   724 | D:1      | Reached XP level 3. HP: 21/23 MP: 3/3
   881 | D:1      | Found a faded altar of an unknown god.
  1351 | D:2      | Reached XP level 4. HP: 10/28 MP: 4/4
  1705 | D:2      | Reached skill level 4 in Maces & Flails
  1934 | D:2      | Reached XP level 5. HP: 30/32 MP: 5/5
  2084 | D:3      | Noticed Sigmund
  2092 | D:3      | Killed Sigmund
  2093 | D:3      | Reached skill level 5 in Maces & Flails
  2093 | D:3      | Reached skill level 5 in Shields
  2093 | D:3      | Reached XP level 6. HP: 17/37 MP: 6/6
  3230 | D:4      | Reached skill level 6 in Maces & Flails
  3515 | D:4      | Reached XP level 7. HP: 41/41 MP: 7/7
  4531 | D:5      | Entered Level 5 of the Dungeon
  4624 | D:4      | Reached skill level 7 in Maces & Flails
  4833 | D:5      | Reached XP level 8. HP: 46/46 MP: 8/8
  4943 | D:5      | Identified the +9 morningstar of Descent {vorpal, Fragile
                  | rPois rF++ rC+}
  5026 | D:5      | Identified a scroll of acquirement
  5026 | D:5      | Acquired a +1 helmet of intelligence
  5224 | D:5      | Reached skill level 8 in Maces & Flails
  5552 | D:6      | Reached skill level 9 in Maces & Flails
  5916 | D:7      | Noticed Duvessa
  5916 | D:7      | Noticed Dowan
  5932 | D:7      | Killed Duvessa
  5933 | D:7      | Reached XP level 9. HP: 38/51 MP: 9/9
  5934 | D:7      | Killed Dowan
  5990 | D:7      | Found a blossoming altar of Fedhas.
  6339 | D:7      | Found a staircase to the Ecumenical Temple.
  6349 | Temple   | Entered the Ecumenical Temple
  6466 | Temple   | Became a worshipper of Ashenzari the Shackled
  6867 | D:8      | Noticed Maurice
  6876 | D:8      | Killed Maurice
  6877 | D:8      | Reached skill level 10 in Maces & Flails
  7106 | D:8      | Noticed a two-headed ogre
  7121 | D:8      | Killed a two-headed ogre
  7122 | D:8      | Reached skill level 11 in Maces & Flails
  7122 | D:8      | Reached XP level 10. HP: 27/56 MP: 10/10
  7182 | D:8      | Noticed Psyche
  7196 | D:8      | Killed Psyche
  7390 | D:8      | Reached skill level 12 in Maces & Flails
  7551 | D:9      | Reached skill level 10 in Shields
  7686 | D:9      | Found a white marble altar of Elyvilon.
  7779 | D:9      | Found Xoeb's Magic Scroll Emporium.
  8019 | D:10     | Entered Level 10 of the Dungeon
  8024 | D:10     | Noticed Maggie
  8035 | D:10     | Killed Maggie
  8153 | D:10     | Noticed a two-headed ogre
  8162 | D:10     | Killed a two-headed ogre
  8163 | D:10     | Reached skill level 13 in Maces & Flails
  8235 | D:10     | Found an opulent altar of Gozag.
  8295 | D:10     | Found a sparkling altar of Nemelex Xobeh.
  8303 | D:10     | Reached XP level 11. HP: 60/60 MP: 11/11
  8494 | D:10     | Reached * piety under Ashenzari
  8809 | D:11     | Noticed Fannar
  8818 | D:11     | Killed Fannar
  9083 | D:11     | Found a staircase to the Lair.
  9110 | D:11     | Noticed a sun demon
  9117 | D:11     | Reached skill level 14 in Maces & Flails
  9360 | D:11     | Found a staircase to the Orcish Mines.
  9648 | Lair:1   | Entered Level 1 of the Lair of Beasts
  9931 | Lair:1   | Reached XP level 12. HP: 61/64 MP: 12/12
  9944 | Lair:1   | Reached skill level 15 in Maces & Flails
 10239 | Lair:1   | Found a dark tunnel.
 10281 | Volcano  | Entered a volcano
 10517 | Volcano  | Reached skill level 16 in Maces & Flails
 10817 | Lair:2   | Noticed a seven-headed hydra
 10855 | Lair:3   | Reached ** piety under Ashenzari
 10870 | Lair:3   | Killed a seven-headed hydra
 10923 | Lair:2   | Reached skill level 1 in Evocations
 10966 | Lair:2   | Found a hole to the Spider Nest.
 11053 | Lair:2   | Noticed a seven-headed hydra
 11062 | Lair:2   | Killed a seven-headed hydra
 11063 | Lair:2   | Reached XP level 13. HP: 64/72 MP: 13/13
 11130 | Lair:2   | Found a staircase to the Shoals.
 11149 | Lair:2   | Reached skill level 5 in Evocations
 11661 | Lair:3   | Learned a level 2 spell: Corpse Rot
 11736 | Lair:3   | Reached skill level 1 in Spellcasting
 11736 | Lair:3   | Reached skill level 1 in Necromancy
 11907 | Lair:3   | Reached *** piety under Ashenzari
 11910 | Lair:3   | Noticed Prince Ribbit
 11925 | Lair:3   | Killed Prince Ribbit
 12556 | Lair:4   | Found a transporter.
 12560 | Lair:4   | Found a transporter.
 12592 | Lair:4   | Reached skill level 5 in Spellcasting
 12764 | Lair:4   | Reached skill level 5 in Necromancy
 12802 | Lair:4   | Reached **** piety under Ashenzari
 12839 | Lair:4   | Acquired Jer Gomn's Collected Works on Flying Dark Secrets
 13159 | Lair:5   | Gained mutation: Your large and strong wings let you fly.
                  | [Gargoyle growth]
 13159 | Lair:5   | Reached XP level 14. HP: 73/78 MP: 26/26
 13231 | Lair:5   | Learned a level 6 spell: Death Channel
 13353 | Lair:5   | Reached ***** piety under Ashenzari
 13370 | Lair:5   | Noticed Sonja
 13390 | Lair:5   | Killed Sonja
 13689 | Lair:5   | Noticed Snorg
 13700 | Lair:5   | Killed Snorg
 13807 | Lair:6   | Entered Level 6 of the Lair of Beasts
 13944 | Lair:6   | Found a runed translucent gate.
 13944 | Lair:6   | Found a runed translucent gate.
 13944 | Lair:6   | Found a runed translucent gate.
 13945 | Lair:6   | Noticed carontestyx's ghost (journeyman TrMo)
 14283 | Lair:6   | Found a staircase to the Slime Pits.
 14780 | Lair:6   | Reached XP level 15. HP: 83/83 MP: 30/30
 14861 | Lair:6   | Killed carontestyx's ghost
 14985 | Lair:6   | Learned a level 9 spell: Polar Vortex
 15142 | Orc:1    | Entered Level 1 of the Orcish Mines
 15186 | Orc:1    | Reached skill level 1 in Ice Magic
 15466 | Orc:1    | Reached ****** piety under Ashenzari
 15543 | Orc:2    | Entered Level 2 of the Orcish Mines
 15543 | Orc:2    | Found a staircase to the Elven Halls.
 15868 | Orc:2    | Found Cumuadug's Antique Weapon Boutique.
 15878 | Orc:2    | Noticed Urug
 15905 | Orc:2    | Killed Urug
 15984 | Orc:1    | Reached skill level 5 in Ice Magic
 16053 | Orc:2    | Noticed an orc warlord
 16112 | Orc:1    | Killed an orc warlord
 16200 | Orc:2    | Found Goufuw's Jewellery Boutique.
 16304 | Orc:2    | Found Lah Oson's Antique Armour Boutique.
 16319 | Orc:2    | Found Zusoc Ciss's General Store.
 16748 | D:12     | Noticed Nergalle
 16773 | D:12     | Killed Nergalle
 16849 | D:12     | Noticed Rupert
 16866 | D:12     | HP: 3/84 [Rupert (41)]
 16870 | D:12     | Annihilated by Rupert

Illustrated notes

Levels and vault maps discovered:
D:1:      scummos_arrival_simple_crosswalls, layout_loops_ring,
          dreamdust_ecumenical_altar_statues
D:2:      layout_basic, grunt_ministairs_14, kennysheep_generic_room_5
D:3:      layout_basic, uniq_sigmund
D:4:      layout_gridville
D:5:      layout_cave_pools
D:6:      layout_basic
D:7:      layout_basic, fedhas_ov_isle_minmay, temple_fountains, uniq_duvessa
D:8:      layout_basic, uniq_psyche, uniq_maurice
D:9:      layout_cave_pools, mainiacjoe_overflow_six_doors_small, serial_shops,
          nicolae_shop_window_shopping, grunt_ministairs_2
D:10:     layout_small_grid, nemelex_xobeh_ov_fountains_minmay,
          nicolae_gozag_seed_capital, serial_rivers,
          chequers_serial_rivers_micro_a, chequers_serial_rivers_large_b,
          chequers_serial_rivers_large_a, chequers_serial_rivers_micro_a,
          uniq_maggie
D:11:     layout_irregular_city, dpeg_oklobed_lair, grunt_ministairs_9,
          uniq_fannar
D:12:     layout_small_grid, uniq_nergalle, uniq_jorgrun, uniq_rupert
Temple:   dpeg_five_rooms_temple
Lair:1:   layout_loops_ring, nicolae_volcano_entry_vermiform
Lair:2:   layout_misc_corridors, minmay_shoals_entry_lonely_mermaid,
          nicolae_spider_entry_non_spiders, cheibrodos_lair_lostbears,
          lemuel_fruit_fields
Lair:3:   layout_chaotic_city, uniq_prince_ribbit2
Lair:4:   gammafunk_boulding_lane, layout_hall_layers, serial_bayou_shore_a,
          grunt_megastairs_4
Lair:5:   layout_regular_city, disabler_island, grunt_megastairs_2, uniq_snorg,
          uniq_sonja
Lair:6:   evilmike_catoblepas_cave, layout_long_grid,
          minmay_slime_entry_pillars, portal_ice_cave_entry_pillars_1,
          ebering_ghost_rock_garden, st_stairs_7, ice2_lemuel,
          infiniplex_staircase_pool
Orc:1:    layout_diamond_mine
Orc:2:    grunt_orc_cross, layout_caves, uniq_urug

Skill      XL: |  1  2  3  4  5  6  7  8  9 10 11 12 13 14 15 |
---------------+----------------------------------------------+-----
Maces & Flails | 3 4 5 6 7 9 11 13 14 16 | 16.0
Shields        | 4 5 6 7 9 10 12 13 | 13.8
Evocations     | 3 5 |  5.9
Spellcasting   | 5 9 |  9.5
Necromancy     | 5 8 |  8.7
Ice Magic      | 7 |  7.2
Fighting       | |  3.2
Armour         | |  3.2

Action                   |  1- 3 |  4- 6 |  7- 9 | 10-12 | 13-15 || total
-------------------------+-------+-------+-------+-------+-------++-------
Melee: Flail             |    73 |   105 |       |       |       ||   178
       Morningstar       |       |     5 |   229 |   554 |  1125 ||  1913
 Cast: Death Channel     |       |       |       |       |     3 ||     3
Invok: Curse Item        |       |       |       |     3 |     7 ||    10
  Use: Scroll            |     5 |     4 |     7 |       |     6 ||    22
       Potion            |       |       |       |       |     4 ||     4
 Stab: Petrified         |       |       |       |       |     5 ||     5
       Distracted        |       |       |       |       |     1 ||     1
Armor: Scale mail        |    32 |    65 |   141 |    68 |       ||   306
       Swamp dragon scal |       |       |       |   280 |   442 ||   722
Dodge: Dodged            |    37 |    27 |    87 |   213 |   311 ||   675
Block: Kite shield       |    44 |    86 |   184 |   463 |   915 ||  1692
